 Dungeon Crawl Stone Soup version 0.31.0-1-g2c135a008e (webtiles) character file.

Game seed: 1918469852066112658

1035 qw the Shooter (level 8, -2/58 HPs)
             Began as a Djinni Hunter on Jan 23, 2024.
             Was a Follower of Okawaru.
             Slain by a gnoll
             ... wielding a +0 flail
             ... led by a gnoll bouda
              (4 damage)
             ... on level 5 of the Dungeon.
             The game lasted 00:00:21 (4323 turns).

qw the Shooter (Djinni Hunter)                      Turns: 4323, Time: 00:00:22

Health: -2/58      AC:  4    Str: 10    XL:     8   Next: 48%
Gold:   162        EV: 15    Int: 12    God:    Okawaru [*.....] SH:  0 Dex: 21

rFire   + + .        a - +0 shortbow
rCold   . . .        (shield currently unavailable)
rNeg    . . .        c - +2 robe of the Eight Nights {Dex+3 Archmagi}
rPois   inf          (no helmet)
rElec   .            (no cloak)
rCorr   .            (no gloves)
SInv    +            (boots unavailable)
Will    .....        (no amulet)
Stlth   ++           Y - ring of protection from cold
HPRegen 0.29/turn    m - ring of see invisible
MPRegen 0.00/turn

%: archmagi, infuse magic (-3 HP)
@: about to teleport, flying
A: sickness immunity, fire resistance 2, cold vulnerability 1, float, innate
caster, HP casting, extra vitality 1
a: Renounce Religion, Heroism


You were on level 5 of the Dungeon.
You worshipped Okawaru.
Okawaru was aware of your devotion.
You visited 1 branch of the dungeon, and saw 5 of its levels.

You collected 162 gold pieces.


Innate Abilities, Weirdness & Mutations

You are immune to sickness and miasma.
You are immune to poison.
Your flesh is very heat resistant. (rF++)
You are vulnerable to cold. (rC-)
You float through the air rather than walking.
You learn spells naturally, not from books.
Your magical power is your life essence.
You have superior vitality. (+4 MHP)


   Skills:
 - Level 4.1 Fighting
 + Level 6.1 Ranged Weapons
 - Level 1.3 Armour
 - Level 5.0 Dodging
 - Level 0.7 Stealth
 + Level 3.5 Invocations


You knew the following spells:

 Your Spells              Type           Power      Damage    Failure   Level
a - Shock                 Conj/Air       0%         1d3       32%         1
b - Momentum Strike       Conj/Tloc      0%         3d8       45%         2
c - Ozocubu's Armour      Ice            0%         N/A       69%         3
Your spell library was empty.

Inventory:

Hand Weapons
 a - a +0 shortbow (weapon)
Armour
 c - the +2 robe of the Eight Nights (worn) {Dex+3 Archmagi}
   (You found it on level 3 of the Dungeon)

   Dex+3:     It affects your dexterity (+3).
   Archmagi:  It increases the power of your magical spells.
Jewellery
 j - a ring of protection from cold
 m - a ring of see invisible (right hand)
 Y - a ring of protection from cold (left hand)
Wands
 e - a wand of flame (14)
 i - a wand of paralysis (10)
Scrolls
 b - 2 scrolls of teleportation
Potions
 d - a potion of enlightenment
 f - a potion of mutation
 h - a potion of haste

Dungeon Overview and Level Annotations

Branches:
Dungeon (5/15)             Temple (0/1) D:4

Altars:
Okawaru

Annotations:
D:3 1 runed translucent door, qw's ghost, amateur DjHu


Message History

You shoot an arrow. The arrow hits the gnoll.
The gnoll is severely wounded.
The gnoll completely misses you. The gnoll hits you with a +0 club.
The gnoll bouda calls upon its god to heal the gnoll.
The gnoll's wounds heal themselves!
The gnoll hits you with a +0 flail.
The gnoll hits you from afar with a +1 spear of flaming.
You shoot an arrow.
The arrow hits the gnoll but does no damage.
The gnoll is severely wounded.
The gnoll hits you with a +0 club. The gnoll completely misses you.
You shoot an arrow. The arrow hits the gnoll!
You kill the gnoll!
Okawaru accepts your kill.
The gnoll hits you from afar with a +1 spear of flaming!
The gnoll closely misses you.
You shoot an arrow. The arrow hits the gnoll bouda!
The gnoll bouda is heavily wounded.
The gnoll bouda hits you but does no damage.
The gnoll hits you with a +0 flail.
The gnoll hits you from afar with a +1 spear of flaming.
You shoot an arrow.
The arrow hits the gnoll bouda but does no damage.
The gnoll bouda is heavily wounded.
The gnoll bouda misses you. The gnoll closely misses you.
The gnoll barely misses you.
You shoot an arrow.
The arrow closely misses the gnoll bouda.
The gnoll bouda barely misses you. The gnoll barely misses you.
The gnoll hits you from afar with a +1 spear of flaming.
4322 ||| READING 3 scrolls of teleportation.
As you read the scroll of teleportation, it crumbles to dust.
You feel strangely unstable. The gnoll bouda completely misses you.
The gnoll hits you from afar with a +1 spear of flaming!
The gnoll barely misses you.
You shoot an arrow. The arrow hits the gnoll bouda!
The gnoll bouda is almost dead.
The gnoll bouda hits you with a +0 club.
The gnoll hits you with a +0 flail.
You die...

..###..#. J#....# .. ##
...#..###...#.... ..#..#
#..#..#.......#.. ..#...
#.......... .!... .... .
#.......... ....##... ..
#......###. #....)##...
.......## #. #.g......#
#.......# #. ###g.......
#.......###.###.@g.##....
........#.....#...## #
..............#.###
....#......#.....####
....#...#.###....#..##
........#.##......(..##
......##......##......#
.............####.....#
.....#......## ##.....#


You could see a gnoll bouda and 2 gnolls.

Vanquished Creatures
  2 black bears (D:4)
  4 necrophages (D:4)
  A water moccasin zombie (D:4)
  A bullfrog zombie (D:4)
  A jelly (D:5)
  A human zombie (D:4)
  2 orc priests
  Ijyb (D:3)
  2 iguanas
  2 orc wizards (D:2)
  2 hound zombies (D:4)
  A hound skeleton (D:4)
  2 adders
  9 gnolls
  A shadow imp (D:4)
  An adder zombie (D:4)
  4 ribbon worms
  4 dart slugs
  10 orcs
  8 endoplasms
  3 giant cockroaches (D:3)
  11 goblins
  7 hobgoblins
  5 jackals
  14 kobolds
  7 quokkas
  7 ball pythons
  4 bats (D:1)
  4 frilled lizards
  9 rats
130 creatures vanquished.

Notes
Turn   | Place    | Note
-------+----------+-------------------------------------------
     0 | D:1      | qw the Djinni Hunter began the quest for the Orb.
     0 | D:1      | Reached XP level 1. HP: 18/18 MP: 0/0
     0 | D:1      | 0 ||| qw: Version: 0.3-a-136-gdd3b4e8
     0 | D:1      | 0 ||| qw: Game counter: 988
     0 | D:1      | 0 ||| qw: Melee chars always use a shield: true
     0 | D:1      | 0 ||| qw: God list: Okawaru
     0 | D:1      | 0 ||| qw: Allow faded altars: false
     0 | D:1      | 0 ||| qw: Do Orc after clearing Dungeon:15 true
     0 | D:1      | 0 ||| qw: Do second Lair branch before Depths: true
     0 | D:1      | 0 ||| qw: Lair rune preference: random
     0 | D:1      | 0 ||| qw: Goals: Normal
     0 | D:1      | 0 ||| PLANNING D:1-11
    79 | D:1      | Reached XP level 2. HP: 23/23 MP: 0/0
   267 | D:1      | Reached XP level 3. HP: 28/28 MP: 0/0
   267 | D:1      | Learned a level 1 spell: Shock
   275 | D:1      | Reached skill level 4 in Ranged Weapons
   294 | D:1      | Found a faded altar of an unknown god.
   944 | D:1      | 944 ||| UPGRADING to ring of protection from cold.
   945 | D:1      | 945 ||| READING 2 scrolls labelled REGGIX XUJUEPP.
   945 | D:1      | 945 ||| IDENTIFYING golden potion
   946 | D:1      | 946 ||| READING scroll of identify.
   946 | D:1      | 946 ||| IDENTIFYING fizzy white potion
   947 | D:1      | 947 ||| READING scroll labelled AMMEYLAUHA.
   948 | D:1      | 948 ||| READING scroll labelled WIV TITWEPEDOG.
   949 | D:1      | 949 ||| DRINKING 2 silvery potions.
   950 | D:1      | 950 ||| DROPPING scroll of butterflies.
   951 | D:1      | 951 ||| DROPPING potion of invisibility.
  1125 | D:2      | Reached XP level 4. HP: 34/34 MP: 0/0
  1286 | D:2      | Reached skill level 3 in Fighting
  1567 | D:2      | 1567 ||| UPGRADING to +0 ring mail.
  1577 | D:2      | 1577 ||| DROPPING +0 leather armour.
  1578 | D:2      | 1578 ||| READING scroll labelled XIBOMI RIYGOXT.
  1679 | D:2      | 1679 ||| READING scroll labelled CUFRIE HATILETS.
  1708 | D:3      | 1708 ||| STAIRDANCE
  1710 | D:2      | 1710 ||| DRINKING viscous cyan potion.
  1711 | D:2      | 1711 ||| DRINKING sedimented silvery potion.
  1712 | D:2      | 1712 ||| DRINKING metallic yellow potion.
  1752 | D:2      | HP: 8/35 [something (2)]
  1757 | D:2      | HP: 4/35 [something (3)]
  1762 | D:2      | Reached skill level 1 in Armour
  1891 | D:3      | 1891 ||| STAIRDANCE
  1912 | D:2      | Reached XP level 5. HP: 32/40 MP: 0/0
  1912 | D:2      | Learned a level 2 spell: Momentum Strike
  1944 | D:3      | 1944 ||| STAIRDANCE
  1952 | D:2      | HP: 10/40 [orc priest/+0 hand axe (1)]
  2067 | D:3      | 2067 ||| STAIRDANCE
  2089 | D:3      | Found an iron altar of Okawaru.
  2090 | D:3      | 2090 ||| PLANNING OKAWARU WORSHIP
  2099 | D:3      | Became a worshipper of Warmaster Okawaru
  2100 | D:3      | 2100 ||| PLANNING D:1-11
  2150 | D:3      | Identified the +2 robe of the Eight Nights {Dex+3 Archmagi}
  2214 | D:3      | Reached XP level 6. HP: 21/46 MP: 0/0
  2373 | D:3      | Noticed Ijyb
  2375 | D:3      | Paralysed by Ijyb for 4 turns
  2390 | D:3      | Paralysed by Ijyb for 5 turns
  2398 | D:3      | Paralysed by Ijyb for 3 turns
  2401 | D:3      | Killed Ijyb
  2402 | D:3      | Reached skill level 5 in Ranged Weapons
  2515 | D:3      | Found a runed translucent door.
  2515 | D:3      | Noticed qw's ghost (amateur DjHu)
  2849 | D:3      | Reached skill level 3 in Dodging
  2905 | D:3      | 2905 ||| UPGRADING to +2 robe of the Eight Nights {Dex+3
                  | Archmagi}.
  2915 | D:3      | 2915 ||| DROPPING +0 ring mail.
  2916 | D:3      | 2916 ||| UPGRADING to ring of protection from cold.
  2917 | D:3      | 2917 ||| UPGRADING to ring of see invisible.
  2919 | D:3      | 2919 ||| READING scroll of identify.
  2919 | D:3      | 2919 ||| IDENTIFYING bubbling dark potion
  2920 | D:3      | 2920 ||| READING 4 scrolls labelled EBAROU PAESHRUC.
  2939 | D:3      | 2939 ||| DROPPING potion of magic.
  3228 | D:4      | Noticed a black bear
  3229 | D:4      | 3229 ||| ZAPPING wand of flame (21) at 7,4 (black bear;
                  | floor).
  3230 | D:4      | 3230 ||| ZAPPING wand of flame (20) at 6,4 (black bear;
                  | floor).
  3231 | D:4      | 3231 ||| ZAPPING wand of flame (19) at 5,4 (black bear;
                  | floor).
  3232 | D:4      | 3232 ||| ZAPPING wand of flame (18) at 4,3 (black bear;
                  | floor).
  3233 | D:4      | 3233 ||| ZAPPING wand of flame (17) at 3,2 (black bear;
                  | floor).
  3234 | D:4      | 3234 ||| ZAPPING wand of flame (16) at 3,2 (black bear;
                  | floor).
  3235 | D:4      | 3235 ||| ZAPPING wand of flame (15) at 2,1 (black bear;
                  | floor).
  3235 | D:4      | Killed a black bear
  3236 | D:4      | Reached XP level 7. HP: 50/50 MP: 0/0
  3236 | D:4      | Learned a level 3 spell: Ozocubu's Armour
  3307 | D:4      | Reached * piety under Okawaru
  3453 | D:4      | 3453 ||| INVOKING Heroism.
  3630 | D:4      | Reached skill level 1 in Invocations
  3713 | D:4      | Reached XP level 8. HP: 40/58 MP: 0/0
  3922 | D:4      | Reached skill level 6 in Ranged Weapons
  3922 | D:4      | Reached skill level 3 in Invocations
  4141 | D:4      | Found a staircase to the Ecumenical Temple.
  4167 | D:4      | 4167 ||| READING 2 scrolls of identify.
  4167 | D:4      | 4167 ||| IDENTIFYING white potion
  4168 | D:4      | 4168 ||| READING scroll of identify.
  4168 | D:4      | 4168 ||| IDENTIFYING scroll labelled LEACLEVASSE
  4169 | D:4      | 4169 ||| DROPPING scroll of noise.
  4205 | D:5      | Entered Level 5 of the Dungeon
  4315 | D:5      | 4315 ||| RETREEEEATING.
  4321 | D:5      | HP: 13/58 [gnoll/+1 spear of flaming[a gnoll bouda] (4)]
  4322 | D:5      | 4322 ||| READING 3 scrolls of teleportation.
  4322 | D:5      | HP: 6/58 [gnoll/+1 spear of flaming[a gnoll bouda] (7)]
  4323 | D:5      | HP: 2/58 [gnoll bouda/+0 club (5)]
  4323 | D:5      | Slain by a gnoll

Levels and vault maps discovered:
D:1:      lordsloth_arrival_two_stooges, layout_basic,
          shapermc_ecumenical_altar_ellora
D:2:      layout_loops_ring, skrybe_limestone_x
D:3:      minmay_angry_zag, layout_basic, mainiacjoe_overflow_alcove_1,
          gammafunk_ghost_grave, corner_web_ring, uniq_ijyb
D:4:      layout_basic, lemuel_mausoleum_altar_kikubaaqudgha,
          minmay_temple_entry_hall, kennysheep_generic_room_10
D:5:      layout_cave_pools

Skill      XL: |  1  2  3  4  5  6  7  8 |
---------------+-------------------------+-----
Ranged Weapons | 4 5 6 |  6.1
Fighting       | 3 4 |  4.1
Armour         | 1 |  1.3
Dodging        | 4 5 |  5.0
Invocations    | 2 3 |  3.5
Stealth        | |  0.7

Action                     |  1- 3 |  4- 6 |  7- 9 || total
---------------------------+-------+-------+-------++-------
   Fire: Shortbow          |   108 |   254 |   201 ||   563
 Invoke: Heroism           |       |       |     1 ||     1
  Evoke: Wand              |       |     7 |       ||     7
    Use: Scroll            |     4 |     4 |     3 ||    11
         Potion            |     1 |     3 |       ||     4
 Armour: Leather armour    |    13 |     7 |       ||    20
         Ring mail         |       |   102 |       ||   102
         Robe              |       |     7 |    81 ||    88
  Dodge: Dodged            |    19 |    78 |   120 ||   217

Table legend:
 A = Non-vault XP
 B = Vault XP
 C = Vault XP percentage of total XP
 D = Non-vault monster count
 E = Vault monster count
 F = Vault count percentage of total count
                 A         B        C        D         E       F
            +---------+---------+-------+---------+---------+-------
      Total |     823 |     656 |  44.4 |     113 |      17 |  13.1
            +---------+---------+-------+---------+---------+-------
        D:1 |      50 |       0 |   0.0 |      31 |       0 |   0.0
        D:2 |     158 |       0 |   0.0 |      26 |       0 |   0.0
        D:3 |      55 |      76 |  58.0 |      21 |       4 |  16.0
        D:4 |     384 |     580 |  60.2 |      24 |      13 |  35.1
        D:5 |     176 |       0 |   0.0 |      11 |       0 |   0.0
            +---------+---------+-------+---------+---------+-------
